 Dungeon Crawl Stone Soup version 0.28-a0-834-g1a73be5ee4 (webtiles) character file.

Game seed: 9014832739042816658

61 flotson the Sneak (level 3, -2/30 HPs)
             Began as a Demonspawn Delver on Nov 12, 2021.
             Slain by a centaur skeleton (4 damage)
             ... on level 3 of the Dungeon.
             The game lasted 00:03:43 (1820 turns).

flotson the Sneak (Demonspawn Delver)               Turns: 1820, Time: 00:03:44

Health: -2/30      AC:  4    Str: 13    XL:     3   Next: 83%
Magic:  3/3        EV: 12    Int: 11    God:
Gold:   96         SH:  0    Dex: 14    Spells: 2/2 levels left

rFire   . . .      SeeInvis .   a - +0 hand axe
rCold   . . .      Faith    .   (no shield)
rNeg    . . .      Spirit   .   h - +1 leather armour
rPois   .          Reflect  .   (no helmet)
rElec   .          Harm     .   (no cloak)
rCorr   .          Rampage  .   (no gloves)
Will    .....                   (no boots)
Stlth   ++........              (no amulet)
HPRegen 0.10/turn               (no ring)
MPRegen 0.08/turn               (no ring)

@: about to teleport
A: powered by death 1
a: no special abilities


You were on level 3 of the Dungeon.
You visited 1 branch of the dungeon, and saw 5 of its levels.

You collected 96 gold pieces.

Inventory:

Hand Weapons
 a - a +0 hand axe (weapon)
 b - a +0 hand crossbow
Armour
 h - a +1 leather armour (worn)
Wands
 g - a wand of digging (3)
Scrolls
 c - a scroll of fog
 d - a scroll of magic mapping
 e - 2 scrolls of fear
 i - a scroll of enchant armour
 j - 5 scrolls of teleportation
Potions
 l - 2 potions of attraction


   Skills:
 + Level 3.7 Fighting
 - Level 1.7 Axes
 + Level 1.6 Armour
 + Level 2.6 Dodging
 - Level 4.5 Stealth


You had 2 spell levels left.
You didn't know any spells.
Your spell library was empty.

Dungeon Overview and Level Annotations

Branches:
Dungeon (5/15)
 Temple: D:4-7

Altars:
Gozag
Hepliaklqana

Annotations:
D:5 Ijyb


Innate Abilities, Weirdness & Mutations

You regenerate a little health from kills.


Message History

The centaur skeleton misses you.
You can't see any enemies this would affect, really read the scroll of fear?
Okay, then.
Unknown command.
The centaur skeleton closely misses you.
The centaur skeleton kicks you but does no damage.
The centaur skeleton barely misses you. x2
The centaur skeleton barely misses you.
The centaur skeleton closely misses you.
The centaur skeleton hits you but does no damage.
The centaur skeleton barely misses you.
Found a stone staircase leading up.
The centaur skeleton barely misses you. The centaur skeleton kicks you.
* * * LOW HITPOINT WARNING * * *
Found a pair of glowing boots.
The centaur skeleton closely misses you.
The centaur skeleton kicks you but does no damage.
The centaur skeleton closely misses you. x2
The centaur skeleton hits you but does no damage.
The centaur skeleton barely misses you. The centaur skeleton hits you.
* * * LOW HITPOINT WARNING * * *
The centaur skeleton kicks you but does no damage.
The centaur skeleton misses you.
The centaur skeleton kicks you but does no damage.
As you read the scroll labelled HEOGRE IMIGIUJ, it crumbles to dust.
It is a scroll of enchant armour.
Your +0 leather armour glows green for a moment.
The centaur skeleton hits you but does no damage.
The centaur skeleton barely misses you.
As you read the scroll labelled VUOLAT ECHEOD, it crumbles to dust.
It is a scroll of identify.
j - 6 scrolls of teleportation The centaur skeleton hits you but does no damage.
The centaur skeleton kicks you but does no damage.
As you read the scroll of teleportation, it crumbles to dust.
You feel strangely unstable.
The centaur skeleton hits you but does no damage.
The centaur skeleton barely misses you. The centaur skeleton hits you.
You die...

.... #....
####+#.############....
#....................##
#........####..........
#................$.....
####<#.######..........
# #.# #.......... #Z#
########### #@# ## #
#.# ..... ## #.# ..#
#.. #. #.###.# #.## #.
#.#...# ...###. #...#
#..##. #..## #.##. #..#
+..#. #..## ##....


You could see a centaur skeleton.

Vanquished Creatures
  A worm (D:3)
  2 dart slugs (D:1)
  7 ball pythons
  3 endoplasms
  A giant cockroach (D:1)
  4 hobgoblins
  3 jackals (D:1)
  11 kobolds
  A quokka (D:2)
  4 bats
  2 frilled lizards (D:1)
  7 goblins
  5 rats
51 creatures vanquished.

Notes
Turn   | Place    | Note
-------+----------+-------------------------------------------
     0 | D:5      | flotson the Demonspawn Delver began the quest for the Orb.
     0 | D:5      | Reached XP level 1. HP: 18/18 MP: 1/1
    11 | D:5      | Noticed Ijyb
   301 | D:2      | Gained mutation: You regenerate a little health from kills.
                  | [demonic ancestry]
   301 | D:2      | Reached XP level 2. HP: 24/24 MP: 2/2
   383 | D:1      | Reached skill level 1 in Armour
   608 | D:1      | Reached XP level 3. HP: 27/29 MP: 3/3
   618 | D:1      | Found a faded altar of an unknown god.
  1141 | D:1      | Found an opulent altar of Gozag.
  1572 | D:2      | Found a hazy altar of Hepliaklqana.
  1820 | D:3      | Slain by a centaur skeleton

Illustrated notes

Levels and vault maps discovered:
D:1:      dpeg_arrival_lava_altar, layout_rooms,
          ebering_ecumenical_altar_abandoned, minmay_stone_trees_small
D:2:      layout_loops_ring, basic_altar
D:3:      cheibrodos_greedy_goblins, layout_basic,
          grunt_temple_overflow_diamond, mainiacjoe_overflow_surrounded_room,
          cheibrodos_sewer_entry_drain, minmay_fractal_squares_5
D:4:      layout_rooms, grunt_gozag_breadcrumbs, minmay_misc_feat_hallway
D:5:      minmay_chambers_of_threes, layout_rooms, lemuel_doored_altar,
          temple_pool_b, enter_ossuary_4, uniq_ijyb, uniq_blork_the_orc

Skill      XL: |  1  2 |
---------------+-------+-----
Dodging        | 2 |  2.6
Armour         | 1 |  1.6
Fighting       | |  3.7
Axes           | |  1.7
Stealth        | |  4.5

Action                   || total
-------------------------++-------
Melee: Hand axe          ||   151
  Use: Potion            ||     4
       Scroll            ||     3
 Stab: Sleeping          ||    10
Armor: Leather armour    ||    65
Dodge: Dodged            ||   132

Table legend: (Time is in decaauts)
 A = Elapsed time spent in this place.
 B = Non-inter-level travel time spent in this place.
 C = Inter-level travel time spent in this place.
 D = Time resting spent in this place.
 E = Time spent auto-exploring this place.
 F = Levels seen in this place.
 G = Mean time per level.
                   A        B        C        D        E       F      G
               +--------+--------+--------+--------+--------+-----+--------+
         Total |   1839 |   1749 |     90 |      0 |   1241 |   5 |  367.8 |
       Dungeon |   1839 |   1749 |     90 |      0 |   1241 |   5 |  367.8 |
               +--------+--------+--------+--------+--------+-----+--------+

Top non-repeatable levels by time:
     D:1: 875 daAuts
     D:2: 768 daAuts
     D:3: 138 daAuts
     D:5: 51 daAuts
     D:4: 5 daAuts
